 Dungeon Crawl Stone Soup version 0.20.1-1-g8b1a95d (webtiles) character file.

4184 karf the Archer (level 10, -1/121 HPs)
             Began as a Centaur Hunter on Oct 28, 2017.
             Was a Believer of Okawaru.
             Succumbed to Erica's bolt of poison
             ... on level 8 of the Dungeon.
             The game lasted 00:42:56 (9028 turns).

karf the Archer (Centaur Hunter)                    Turns: 9028, Time: 00:42:57

Health: -1/121     AC: 25    Str: 15    XL:     10   Next: 8%
Magic:  1/10       EV:  1    Int: 10    God:    Okawaru [**....]
Gold:   401        SH:  0    Dex: 13    Spells: 9/9 levels left

rFire    . . .     SeeInvis .   b - +3 spear
rCold    . . .     Gourm    .   (no shield)
rNeg     + + +     Faith    .   (armour currently unavailable)
rPois    +         Spirit   +   (helmet currently unavailable)
rElec    .         Reflect  .   (cloak currently unavailable)
rCorr    .         Harm     .   (gloves currently unavailable)
MR       .....     NoTele   +   (no barding)
Stlth    ++........             D - amulet of guardian spirit
Regen    0.3/turn               w - ring of positive energy
MPRegen  0.2/turn               e - ring of wizardry

@: lethally poisoned (-1 -> -15), tree-form, slowed, very slow
A: no striking features
a: Heroism, Renounce Religion


You were on level 8 of the Dungeon.
You worshipped Okawaru.
Okawaru was pleased with you.
You were not hungry.
You were a tree.
You visited 2 branches of the dungeon, and saw 9 of its levels.
You also visited: Ossuary.

You collected 401 gold pieces.

Inventory:

Hand Weapons
 a - a +2 shortbow
 b - a +3 spear (weapon)
Missiles
 d - 23 arrows
Armour
 c - a +0 pair of gloves (melded)
 q - a +1 robe of resistance
 s - the +1 leather armour of Discretion (melded) {-Cast Dex+3 Slay+2}
   (You found it on level 4 of the Dungeon)

   It affects your dexterity (+3).
   It affects your accuracy and damage with ranged weapons and melee attacks
   (+2).
   It prevents spellcasting.
 y - a +0 helmet (melded)
Jewellery
 e - a ring of wizardry (right branch)
 w - a ring of positive energy (left branch)
 D - an amulet of guardian spirit (around neck)
 F - an uncursed amulet of the gourmand {unknown}
 K - an uncursed ring of see invisible {unknown}
Wands
 v - a wand of iceblast (5/15)
 C - a wand of paralysis (3/24)
 G - a wand of disintegration (9/24)
 I - a wand of digging (9/24)
Scrolls
 j - 2 scrolls of teleportation
 k - 3 scrolls of enchant armour
 l - 4 scrolls of identify
 o - a scroll of blinking
 p - a scroll of enchant weapon
 u - 3 scrolls of fear
 E - 2 scrolls of fog
 J - 3 scrolls of remove curse
 O - 2 scrolls of recharging {unknown}
 P - 2 scrolls of random uselessness {unknown}
 Q - a scroll of amnesia {unknown}
Potions
 h - 2 potions of might {unknown}
 m - 3 potions of lignification
 r - a potion of berserk rage {unknown}
 t - 2 potions of flight {unknown}
 x - 5 potions of curing {unknown}
 A - 2 potions of cancellation
 H - a potion of agility {unknown}
 L - a potion of mutation {unknown}
 M - a potion of haste {unknown}
 N - 2 potions of invisibility {unknown}
Books
 B - a book of Cantrips

   Spells                             Type                      Level
   a - Confusing Touch                Hexes                        1
   b - Animate Skeleton               Necromancy                   1
   c - Summon Small Mammal            Summoning                    1
   d - Apportation                    Translocation                1
Comestibles
 f - 2 bread rations
 i - 6 fruits
 n - 6 meat rations
 z - 7 royal jellies


   Skills:
 - Level 5.0 Fighting
 * Level 14.7 Bows
 + Level 6.2 Dodging
 - Level 0.9 Stealth


You had 9 spell levels left.
You didn't know any spells.

Dungeon Overview and Level Annotations

Branches:
Dungeon (8/15)             Temple (1/1) D:7
   Lair: D:8-11

Altars:
Ashenzari
Cheibriados
Elyvilon
Fedhas
Gozag
Hepliaklqana
Makhleb
Okawaru
Ru
Yredelemnul
Zin

Annotations:
D:7 Erica


Innate Abilities, Weirdness & Mutations

((You have hooves in place of feet.))
((Armour fits poorly on your strangely shaped body.))
((You cover ground very quickly.))
((You have extremely tough skin. (AC +3)))


Message History

You feel yourself slow down.
There is a stone staircase leading down here.
You can't go up here!
* * * LOW HITPOINT WARNING * * *
You feel very sick. Something hits you.
* * * LOW HITPOINT WARNING * * *
Something burns you.
* * * LOW HITPOINT WARNING * * *
You climb downwards.
* * * LOW HITPOINT WARNING * * *
You feel very sick.
Found 12 stones.
There is a stone staircase leading up here.
It was a potion of lignification.
You turn into a tree.
Your +0 helmet melds into your body.
Your +0 pair of gloves melds into your body.
The +1 leather armour of Discretion {-Cast Dex+3 Slay+2} melds into your body.
Your roots penetrate the ground.
You die...

## ## # #. ...# .
#.#.#.##..
#..(.... #.....#
#.....# . #.♣...#
..##### ##...##
.......##Z.....#
..........#.##.#
......Z<.........
........(....#.
## .......##....#
....### #......
... ...##


You could see an adder skeleton.

Vanquished Creatures
  A two-headed ogre (D:7)
  The ghost of ThereIsNoGod the Cudgeler, a novice TrFi (D:7)
  Grinder (D:5)
  2 sky beasts
  3 ice beasts
  2 ogres (D:7)
  2 black bears
  2 orc warriors
  2 centaurs
  The ghost of Ymberto the Magician, an amateur DEFE (D:3)
  A gnoll sergeant (D:5)
  4 bullfrogs
  A wyvern zombie (D:7)
  2 scorpions
  2 crimson imps (D:6)
  3 howler monkeys
  A quasit (D:7)
  A bullfrog skeleton (D:6)
  A centaur skeleton (D:5)
  4 hounds
  A jelly (D:5)
  An iguana (D:5)
  2 orc wizards (D:5)
  3 worker ants
  5 big kobold zombies (Ossuary)
  2 hound skeletons
  A mummy (Ossuary)
  A worker ant zombie (D:7)
  11 gnolls
  14 adders
  An ooze (D:2)
  3 adder zombies (D:5)
  2 worms (D:2)
  4 dart slugs
  3 leopard geckos
  18 orcs
  5 giant cockroaches
  10 goblins
  10 hobgoblins
  6 quokkas
  A ball python (D:4)
  9 bats
  6 frilled lizards
  7 gnoll zombies (Ossuary)
  2 goblin simulacra (Ossuary)
  3 goblin zombies
  4 hobgoblin zombies (Ossuary)
  A jackal skeleton (D:7)
  A kobold (D:1)
  3 kobold simulacra (Ossuary)
  4 kobold zombies (Ossuary)
  8 orc zombies (Ossuary)
  10 rats
  4 rat simulacra (Ossuary)
  5 spectral goblins (Ossuary)
  2 spectral kobolds (Ossuary)
  A spectral rat (Ossuary)
211 creatures vanquished.

Notes
Turn   | Place    | Note
-------+----------+-------------------------------------------
     0 | D:1      | karf the Centaur Hunter began the quest for the Orb.
     0 | D:1      | Reached XP level 1. HP: 17/17 MP: 1/1
   149 | D:1      | Reached XP level 2. HP: 19/24 MP: 2/2
   653 | D:1      | Reached XP level 3. HP: 30/30 MP: 3/3
   910 | D:2      | Found a snail-covered altar of Cheibriados.
   949 | D:2      | Reached skill level 6 in Bows
  1209 | D:2      | Reached XP level 4. HP: 34/38 MP: 4/4
  2054 | D:3      | Reached XP level 5. HP: 45/45 MP: 5/5
  2316 | D:3      | Noticed Ymberto's ghost (amateur DEFE)
  2350 | D:3      | Killed Ymberto's ghost
  2350 | D:3      | Reached skill level 7 in Bows
  2510 | D:3      | Reached XP level 6. HP: 18/52 MP: 6/6
  3580 | D:4      | Got a translucent leather armour
  3760 | D:4      | Found a sacrificial altar of Ru.
  3760 | D:4      | Found a white marble altar of Elyvilon.
  3763 | D:4      | Reached skill level 8 in Bows
  3796 | D:5      | Entered Level 5 of the Dungeon
  4027 | D:5      | Identified the +1 leather armour of Discretion {-Cast Dex+3 Slay+2} (You found it on level 4 of the Dungeon)
  4145 | D:5      | Reached XP level 7. HP: 59/59 MP: 7/7
  4424 | D:5      | Noticed Grinder
  4429 | D:5      | Paralysed by Grinder for 4 turns
  4434 | D:5      | Killed Grinder
  4434 | D:5      | Reached skill level 9 in Bows
  4683 | D:5      | Reached skill level 5 in Fighting
  4864 | D:5      | Reached XP level 8. HP: 62/68 MP: 8/8
  4877 | D:5      | Reached skill level 10 in Bows
  5250 | D:6      | Reached skill level 11 in Bows
  6153 | D:7      | Found a staircase to the Ecumenical Temple.
  6175 | D:7      | Found a sand-covered staircase.
  6205 | D:7      | Reached skill level 12 in Bows
  6250 | D:7      | HP: 1/68 [black bear (4)]
  6285 | Temple   | Entered the Ecumenical Temple
  6598 | Temple   | Became a worshipper of Warmaster Okawaru
  6616 | Ossuary  | Entered an ossuary
  6734 | Ossuary  | Reached XP level 9. HP: 74/74 MP: 9/9
  7155 | D:7      | Reached skill level 5 in Dodging
  7448 | D:7      | Noticed a two-headed ogre
  7524 | D:7      | Killed a two-headed ogre
  7524 | D:7      | Reached * piety under Okawaru
  7524 | D:7      | Reached skill level 13 in Bows
  7608 | D:7      | Noticed ThereIsNoGod's ghost (novice TrFi)
  8184 | D:7      | Killed ThereIsNoGod's ghost
  8184 | D:7      | Reached ** piety under Okawaru
  8184 | D:7      | Reached skill level 14 in Bows
  8820 | D:7      | Reached XP level 10. HP: 58/81 MP: 7/10
  8851 | D:8      | Noticed Erica
  9027 | D:8      | HP: 1/81 [poisoned by Erica (bolt of poison)]
  9028 | D:8      | Succumbed to Erica's bolt of poison

Skill      XL: |  1  2  3  4  5  6  7  8  9 |
---------------+----------------------------+-----
Bows           | 6 7 8 9 12 14 | 14.7
Fighting       | 3 4 5 |  5.0
Dodging        | 2 3 4 6 |  6.2
Stealth        | |  0.9

Action                   |  1- 3 |  4- 6 |  7- 9 | 10-12 || total
-------------------------+-------+-------+-------+-------++-------
Melee: Spear             |    51 |     9 |   297 |     3 ||   360
       Kick              |     4 |       |    42 |     3 ||    49
 Fire: Shortbow          |    76 |   221 |   242 |    22 ||   561
  Use: Scroll            |       |    11 |     1 |       ||    12
       Potion            |       |       |       |     4 ||     4
 Stab: Sleeping          |       |       |     6 |       ||     6
  Eat: Chunk             |       |     7 |     5 |       ||    12
       Bread ration      |       |       |     2 |       ||     2
Armor: Leather armour    |    32 |       |    68 |    11 ||   111
       Robe              |     5 |    12 |       |       ||    17
Dodge: Dodged            |    44 |    39 |   137 |    13 ||   233
